 Dungeon Crawl Stone Soup version 0.30-a0-385-gfebfb9b408 (webtiles) character file.

Game seed: 4820073927700928711

298 qeuew the Chopper (level 6, 0/53 HPs)
             Began as a Hill Orc Fighter on Dec 2, 2022.
             Was a Priest of Jiyva.
             Succumbed to an orc's poison
             ... on level 3 of the Dungeon.
             The game lasted 00:02:59 (1752 turns).

qeuew the Chopper (Hill Orc Fighter)                Turns: 1752, Time: 00:03:00

Health: 0/53       AC:  7    Str: 21    XL:     6   Next: 35%
Magic:  6/6        EV: 10    Int:  8    God:    Jiyva [***...]
Gold:   14         SH:  4    Dex: 10    Spells: 5/5 levels left

rFire   . . .      SeeInvis .    a - +0 war axe
rCold   . . .      Faith    .    c - +0 buckler
rNeg    . . .      Spirit   .    b - +0 scale mail
rPois   .          Reflect  .    (no helmet)
rElec   .          Harm     .    (no cloak)
rCorr   +          Rampage  .    (no gloves)
Will    .....      Clarity  +    (no boots)
Stlth   ..........               (no amulet)
HPRegen 1.40/turn                (no ring)
MPRegen 0.45/turn                (no ring)

@: mighty, lethally poisoned (0 -> -11)
A: clarity, wild magic 3
a: Renounce Religion, Oozemancy


You were on level 3 of the Dungeon.
You worshipped Jiyva.
Jiyva was most pleased with you.
You visited 1 branch of the dungeon, and saw 3 of its levels.

You collected 14 gold pieces.

Inventory:

Hand Weapons
 a - a +0 war axe (weapon)
Armour
 b - a +0 scale mail (worn)
 c - a +0 buckler (worn)


   Skills:
 + Level 4.7 Fighting
 * Level 5.3 Axes
 + Level 4.2 Armour
 + Level 1.8 Dodging
 + Level 4.3 Shields


You had 5 spell levels left.
You didn't know any spells.
Your spell library was empty.

Dungeon Overview and Level Annotations

Branches:
Dungeon (3/15)

Altars:
Jiyva

Shops:
D:1 :


Innate Abilities, Weirdness & Mutations

You possess an exceptional clarity of mind.
Your spells are much harder to cast, but much more powerful.


Message History

Unknown command.
You feel very mighty all of a sudden. Grinder hits you.
* * * LOW HITPOINT WARNING * * *
You writhe in agony.
* * * LOW HITPOINT WARNING * * *
You closely miss Grinder.
Grinder is moderately wounded.
You block Grinder's attack. Grinder hits you but does no damage.
An orc comes into view.
It is wielding a +0 dagger, wearing a +0 ring mail of poison resistance and quivering poisoned darts.
You barely miss Grinder.
Grinder is moderately wounded.
The orc shouts!
You hear a shout!
The orc throws a poisoned dart.
The poisoned dart hits you.
You are poisoned.
Grinder hits you.
* * * LOW HITPOINT WARNING * * *
You closely miss Grinder.
Grinder is moderately wounded.
You feel sick. Grinder hits you but does no damage.
You slash Grinder!
Grinder is severely wounded.
You feel sick.
The orc throws a poisoned dart.
The poisoned dart hits you!
You are more poisoned.
Grinder gestures at you.
You barely resist.
You aren't carrying any scrolls.
You slice Grinder!!
You kill Grinder!
You feel very sick.
The orc throws a poisoned dart.
The poisoned dart hits you!
You are lethally poisoned!
The orc throws a poisoned dart.
The poisoned dart hits you!
You are more poisoned.
Your Axes skill increases to level 5!
Your Armour skill increases to level 4!
Your Shields skill increases to level 4!
You have reached level 5!
You feel stronger.
You have reached level 6!
You die...

#.##.#.. #####.##.#.#
.# # #.#...##..[##.#.
##.........##... # #..
#..##)###.# .. #.#
#..$.o##..# #..#
####.###..#.)|...##...#
.....#...###.........#
..#....#####..>.@...#
.###.......[......###
## #)###............$.
#.#..............##
..#...#..........#
......##............
.##....?..........#...
.. .... ###............
# #... ...


You could see an orc.

Vanquished Creatures
  Grinder (D:3)
  A necrophage (D:2)
  An adder (D:2)
  An orc (D:3)
  4 ball pythons
  A bat (D:1)
  An endoplasm (D:1)
  3 giant cockroaches
  2 goblins (D:1)
  3 hobgoblins
  4 kobolds
  3 rats
25 creatures vanquished.

Vanquished Creatures (others)
  2 bats (D:2)
  An endoplasm (D:1)
  A goblin (D:2)
  A kobold (D:1)
  A quokka (D:1)
  A frilled lizard (D:2)
  22 plants
29 creatures vanquished.

Grand Total: 54 creatures vanquished

Notes
Turn   | Place    | Note
-------+----------+-------------------------------------------
     0 | D:1      | qeuew the Hill Orc Fighter began the quest for the Orb.
     0 | D:1      | Reached XP level 1. HP: 19/19 MP: 1/1
   165 | D:1      | Reached skill level 3 in Axes
   169 | D:1      | Reached XP level 2. HP: 27/27 MP: 2/2
   173 | D:1      | Found a faded altar of an unknown god.
   238 | D:1      | Prayed at the altar of an unknown god.
   238 | D:1      | Became a worshipper of Jiyva Jenumoes the Shapeless
   238 | D:1      | Reached * piety under Jiyva
   601 | D:1      | Reached ** piety under Jiyva
   701 | D:1      | Found Beps's Book Boutique.
  1050 | D:2      | Noticed a necrophage
  1058 | D:2      | Killed a necrophage
  1059 | D:2      | Reached skill level 4 in Axes
  1059 | D:2      | Reached skill level 1 in Dodging
  1059 | D:2      | Reached XP level 3. HP: 32/33 MP: 3/3
  1059 | D:2      | Reached XP level 4. HP: 38/40 MP: 4/4
  1387 | D:2      | Reached *** piety under Jiyva
  1394 | D:2      | Gained mutation: Your spells are a little harder to cast,
                  | but a little more powerful. [Jiyva's grace]
  1394 | D:2      | Gained mutation: Your spells are harder to cast, but more
                  | powerful. [Jiyva's grace]
  1394 | D:2      | Gained mutation: Your spells are much harder to cast, but
                  | much more powerful. [Jiyva's grace]
  1394 | D:2      | Gained mutation: You possess an exceptional clarity of
                  | mind. [Jiyva's grace]
  1729 | D:3      | Noticed Grinder
  1737 | D:3      | Paralysed by Grinder for 2 turns
  1742 | D:3      | Paralysed by Grinder for 4 turns
  1751 | D:3      | Killed Grinder
  1751 | D:3      | HP: 2/40 [poisoned by an orc]
  1752 | D:3      | Reached skill level 5 in Axes
  1752 | D:3      | Reached XP level 5. HP: 3/47 MP: 5/5
  1752 | D:3      | Reached XP level 6. HP: 3/53 MP: 6/6
  1752 | D:3      | Succumbed to an orc's poison

Illustrated notes

Levels and vault maps discovered:
D:1:      elethiomel_arrival_maze, layout_loops_corners, serial_shops,
          nicolae_shop_statue_plus, shapermc_ecumenical_altar_starsandcircs,
          serial_bayou_pond_c, hangedman_decor_push
D:2:      layout_loops_ring, serial_forest, infiniplex_forest_straight_3,
          infiniplex_forest_pool, infiniplex_forest_straight_2,
          infiniplex_forest_end_3, infiniplex_forest_clump_curved,
          kennysheep_cross_bottleneck
D:3:      layout_rooms, marbit_many_paths, minmay_misc_feat_plants,
          kennysheep_flooded_box, uniq_grinder, uniq_crazy_yiuf_cottage

Skill      XL: |  1  2  3  4 |
---------------+-------------+-----
Axes           | 3 4 5 |  5.3
Fighting       | 4 |  4.7
Dodging        | 1 |  1.8
Armour         | 4 |  4.2
Shields        | 4 |  4.3

Action                   |  1- 3 |  4- 6 || total
-------------------------+-------+-------++-------
Melee: War axe           |    53 |    38 ||    91
  Use: Scroll            |     2 |     2 ||     4
       Potion            |     1 |     1 ||     2
Armor: Scale mail        |    27 |    22 ||    49
Dodge: Dodged            |    17 |    13 ||    30
Block: Buckler           |    14 |     7 ||    21

Table legend: (Time is in decaauts)
 A = Elapsed time spent in this place.
 B = Non-inter-level travel time spent in this place.
 C = Inter-level travel time spent in this place.
 D = Time resting spent in this place.
 E = Time spent auto-exploring this place.
 F = Levels seen in this place.
 G = Mean time per level.
                   A        B        C        D        E       F      G
               +--------+--------+--------+--------+--------+-----+--------+
         Total |   1791 |   1733 |     58 |      0 |   1498 |   3 |  597.0 |
       Dungeon |   1791 |   1733 |     58 |      0 |   1498 |   3 |  597.0 |
               +--------+--------+--------+--------+--------+-----+--------+

Top non-repeatable levels by time:
     D:1: 1047 daAuts
     D:2: 677 daAuts
     D:3: 66 daAuts
